 Dungeon Sprint DCSS version 0.27-a0-808-g60bc5d92e6 (webtiles) character file.

Game seed: 5774560047675849270

231 mhtbhm the Cudgeller (level 5, 0/59 HPs)
             Began as a Troll Berserker on Mar 28, 2021.
             Was an Elder of Trog.
             Slain by a vampire (2 damage)
             ... in the Dungeon (Sprint IX: "|||||||||||||||||||||||||||||").
             The game lasted 00:00:27 (225 turns).

mhtbhm the Cudgeller (Troll Berserker)               Turns: 225, Time: 00:00:27

Health: 0/59       AC:  5    Str: 29    XL:     5   Next: 73%
Magic:  4/4        EV: 13    Int:  3    God:    Trog [****..]
Gold:   0          SH:  0    Dex:  9    Spells: 4/4 levels left

rFire    . . .     SeeInvis .   a - +2 morningstar (protect)
rCold    . . .     Faith    .   (no shield)
rNeg     . . .     Spirit   .   b - +0 animal skin
rPois    .         Reflect  .   (helmet restricted)
rElec    .         Harm     .   k - +0 cloak
rCorr    .         Rampage  .   (gloves unavailable)
Will     .....     NoTele   +   (boots unavailable)
Stlth    +.........             (no amulet)
HPRegen  1.19/turn              l - +3 ring of strength
MPRegen  0.09/turn              m - +2 ring of evasion

@: confused, berserk cooldown, slowed, very slow
A: large, unfitting armour, claws 3, regeneration 1, shaggy fur 1, tough skin 1
a: Renounce Religion, Berserk, Trog's Hand, Brothers in Arms


You were in the Dungeon.
You worshipped Trog.
Trog was greatly pleased with you.
You visited 1 branch

Inventory:

Hand Weapons
 a - a +2 morningstar of protection (weapon)
Armour
 b - a +0 animal skin (worn)
 k - a +0 cloak (worn)
Jewellery
 l - a +3 ring of strength (left claw)
 m - a +2 ring of evasion (right claw)
Wands
 j - a wand of acid (10)
Scrolls
 h - 2 scrolls of blinking
Potions
 c - 5 potions of curing
 d - 3 potions of heal wounds
 e - a potion of haste
 f - 4 potions of magic
 g - a potion of berserk rage
 i - a potion of invisibility


   Skills:
 + Level 6.2 Fighting
 + Level 7.2 Maces & Flails
 + Level 6.0 Dodging


You had 4 spell levels left.
You didn't know any spells.
Your spell library was empty.

Dungeon Overview and Level Annotations

Branches:
Dungeon (1/1)

Altars:
Cheibriados
Dithmenos
Elyvilon
Fedhas
Gozag
Hepliaklqana
Kikubaaqudgha
Makhleb
Nemelex Xobeh
Okawaru
Qazlal
Ru
Sif Muna
Trog
Uskayaw
Vehumet
Wu Jian
Xom
Yredelemnul
Zin
The Shining One
Beogh
Jiyva
Lugonu


Innate Abilities, Weirdness & Mutations

You are too large for most types of armour.
You have claws for hands.
Your natural rate of healing is unusually fast.
You are covered in fur. (AC +1)
You have tough skin. (AC +1)


Message History

There is an open door to the Dungeon, spattered with blood here.
Things that are here:
a +0 flail; a +0 plate armour; an orc corpse You barely miss something.
The kobold demonologist mumbles some strange words.
You miss something. Something hits you! Something bites you!
Something draws strength from your injuries!
You closely miss something. Something hits you but does no damage.
Something bites you!
Something draws strength from your injuries!
You closely miss something. Something hits you! Something bites you.
Something draws strength from your injuries!
You closely miss something. Something hits you but does no damage.
Something bites you but does no damage.
You closely miss something. You impale something!!
Your weapon exudes an aura of protection.
Something hits you. Something bites you but does no damage.
You hit something. Something hits you but does no damage. Something bites you.
Something draws strength from your injuries!
The kobold demonologist casts a spell.
You closely miss something.
You hear some strange, mumbled words.
You are confused.
You bump into the unnaturally hard rock wall.
You feel a strong urge to attack something.
You are no longer berserk.
You are exhausted.
You feel yourself slow down.
You bump into the unnaturally hard rock wall.
Something hits you. Something bites you but does no damage.
You bump into the unnaturally hard rock wall.
Something hits you! Something bites you!
* * * LOW HITPOINT WARNING * * *
Something draws strength from your injuries!
The kobold demonologist mumbles some strange words.
Something hits you.
* * * LOW HITPOINT WARNING * * *
Something bites you.
You die... ▓▓▓▓▓▓▓▓▓▓▓▓▓▓▓▓▓▓▓▓▓▓▓▓▓ +ZK55yT)@.[[..)?.'_______ ▓▓▓▓▓▓▓▓▓▓▓▓▓▓▓▓▓▓▓▓▓▓▓▓▓

You could see a kobold demonologist, a troll, a hornet, a white imp (summoned), a shadow imp (summoned) and a bat zombie.

Vanquished Creatures
  An orc warrior (D)
  A phantom (D)
  A scorpion (D)
  A gnoll (D)
  An orc (D)
  A ball python (D)
  A giant cockroach (D)
  A goblin (D)
  A jackal (D)
  A kobold (D)
  A rat (D)
11 creatures vanquished.

Notes
Turn   | Place    | Note
-------+----------+-------------------------------------------
     0 | D        | mhtbhm the Troll Berserker began the quest for the Orb.
     0 | D        | Reached XP level 1. HP: 22/22 MP: 0/0
     7 | D        | Reached skill level 3 in Maces & Flails
    14 | D        | Reached ** piety under Trog
   128 | D        | Noticed a scorpion
   128 | D        | Noticed a phantom
   132 | D        | Reached XP level 2. HP: 31/31 MP: 1/1
   138 | D        | Killed a phantom
   138 | D        | Reached *** piety under Trog
   139 | D        | Reached skill level 5 in Maces & Flails
   139 | D        | Reached XP level 3. HP: 41/41 MP: 2/2
   139 | D        | Reached XP level 4. HP: 49/49 MP: 3/3
   148 | D        | Reached skill level 5 in Fighting
   148 | D        | Reached skill level 6 in Maces & Flails
   148 | D        | Reached skill level 5 in Dodging
   148 | D        | Reached XP level 5. HP: 57/57 MP: 4/4
   155 | D        | Found a snail-covered altar of Cheibriados.
   155 | D        | Found a shadowy altar of Dithmenos.
   155 | D        | Found a white marble altar of Elyvilon.
   155 | D        | Found a blossoming altar of Fedhas.
   155 | D        | Found an opulent altar of Gozag.
   156 | D        | Found a hazy altar of Hepliaklqana.
   157 | D        | Found a viscous altar of Jiyva.
   158 | D        | Found an ancient bone altar of Kikubaaqudgha.
   159 | D        | Found a corrupted altar of Lugonu.
   160 | D        | Found a burning altar of Makhleb.
   161 | D        | Found a sparkling altar of Nemelex Xobeh.
   162 | D        | Found an iron altar of Okawaru.
   163 | D        | Found a stormy altar of Qazlal.
   164 | D        | Found a sacrificial altar of Ru.
   165 | D        | Found a shimmering blue altar of Sif Muna.
   166 | D        | Found a bloodstained altar of Trog.
   167 | D        | Found a hide-covered altar of Uskayaw.
   168 | D        | Found a radiant altar of Vehumet.
   169 | D        | Found an ornate altar of the Wu Jian Council.
   170 | D        | Found a shimmering altar of Xom.
   171 | D        | Found a basalt altar of Yredelemnul.
   172 | D        | Found a glowing silver altar of Zin.
   173 | D        | Found a glowing golden altar of the Shining One.
   208 | D        | Noticed a kobold demonologist
   208 | D        | Noticed a hornet
   208 | D        | Noticed a troll
   208 | D        | Noticed a vampire
   208 | D        | Noticed an orc warrior
   211 | D        | Killed an orc warrior
   211 | D        | Reached **** piety under Trog
   212 | D        | Reached skill level 7 in Maces & Flails
   225 | D        | HP: 2/59 [something (4)]
   225 | D        | Slain by a vampire

Illustrated notes

Levels and vault maps discovered:
D:        linesprint [early_d, line_temple, items_1, d_10, items_2, lair_1,
          lair_end, items_3, orc_1, orc_end, items_4, d_15, swamp_1, shoals_1,
          snake_1, spider_1, d_20, vaults_1, items_5, swamp_end, shoals_end,
          snake_end, spider_end, vaults_end, d_27, items_6, zot_1, zot_end,
          crypt_end, forest_end, elf_end, slime_end, tomb_end, abyss_end,
          pan_hell_end]

Skill      XL: |  1  2  3  4  5 |
---------------+----------------+-----
Maces & Flails | 3 5 6 7 |  7.2
Fighting       | 3 4 5 6 |  6.2
Dodging        | 3 4 5 6 |  6.0

Action                   |  1- 3 |  4- 6 || total
-------------------------+-------+-------++-------
Melee: Mace              |    26 |    11 ||    37
       Morningstar       |       |    11 ||    11
Invok: Berserk           |     1 |     1 ||     2
Armor: Animal skin       |     4 |     7 ||    11
Dodge: Dodged            |    13 |     5 ||    18

Table legend: (Time is in decaauts)
 A = Elapsed time spent in this place.
 B = Non-inter-level travel time spent in this place.
 C = Inter-level travel time spent in this place.
 D = Time resting spent in this place.
 E = Time spent auto-exploring this place.
 F = Levels seen in this place.
 G = Mean time per level.
                   A        B        C        D        E       F      G
               +--------+--------+--------+--------+--------+-----+--------+
         Total |    231 |    231 |      0 |    100 |      3 |   1 |  231.0 |
       Dungeon |    231 |    231 |      0 |    100 |      3 |   1 |  231.0 |
               +--------+--------+--------+--------+--------+-----+--------+

Top non-repeatable levels by time:
       D: 231 daAuts
